Map: Tropical Sacrifice

Players

EEJAY

  • Race: Terran Terran
  • League: Diamond
  • Spawn Location: 1:00

Undercover - Winner!

  • Race: Zerg Zerg
  • League: Diamond
  • Spawn Location: 7:00

VOD

Have the link to the VOD?

Description

Time

  • Played on: Dec. 18, 2022, 3:29 p.m.
  • Length: 4:21
Show
View Real Time Build Order
Export as new Build Order

EEJAY Terran 

Build Orders:  

Get SALT Encoding   

  12  0:00  SCV  
  13  0:12  SCV  
  14  0:19  Supply Depot  
  14  0:24  SCV  
  15  0:41  SCV  
  16  0:53  SCV  
  17  0:59  Barracks  
  17  1:00  Barracks  
  17  1:10  SCV  
  18  1:15  Barracks  
  18  1:22  SCV  
  19  1:33  Supply Depot  
  19  1:34  SCV  
  20  1:47  Marine  
  20  1:48  Marine  
  22  1:58  Bunker  
  22  2:04  Bunker  
  22  2:06  Bunker  
  22  2:09  Marine x2  
  22  2:11  Marine  
  25  2:23  SCV  
  25  2:27  Marine x2  
  25  2:28  Supply Depot  
  28  2:39  Marine  
  29  2:45  Marine  
  29  2:46  SCV  
  29  2:48  Refinery  
  29  2:50  Refinery  
  31  2:58  SCV  
  32  3:02  Marine  
  20  3:34  Marine x3  
  23  3:43  Engineering Bay  
  23  3:52  Marine, SCV  
  23  3:53  Marine  
  23  3:55  Marine  
  26  4:00  Factory  
  26  4:04  SCV  
Show
View Real Time Build Order
Export as new Build Order

Undercover Zerg - Winner!

Build Orders: Hatch First 

Get SALT Encoding   

  12  0:00  Drone  
  13  0:13  Overlord  
  13  0:18  Drone  
  14  0:31  Drone x2  
  16  0:51  Hatchery  
  16  0:54  Drone  
  16  0:59  Drone  
  16  1:01  Drone  
  18  1:13  Extractor  
  18  1:17  Spawning Pool  
  16  1:23  Drone  
  16  1:24  Drone  
  18  1:30  Drone  
  19  1:46  Overlord  
  19  2:04  Zergling x2  
  19  2:05  Zergling x4  
  22  2:09  Spine Crawler x2  
  22  2:10  Spine Crawler  
  22  2:15  Spine Crawler  
  18  2:16  Zergling x2  
  19  2:23  Zergling x2  
  19  2:25  Zergling x2  
  21  2:34  Zergling x2  
  21  2:35  Zergling x2  
  23  2:40  Zergling x2  
  23  2:42  Metabolic Boost  
  24  2:53  Zergling x4  
  26  3:12  Queen x2  
  25  3:19  Zergling x2  
  25  3:20  Zergling x2  
  23  3:30  Zergling x6  
  25  3:39  Drone  
  26  3:42  Drone x2  
  26  3:47  Drone  
  29  4:05  Hatchery  
Tags
 
Add a new tag
Caveats
  • Supply blocks, unpowered buildings, or Contaminate may cause inaccurate times.
  • Supply counts are checked every 10 seconds.